cohdb
Replays
Latest Replays
All Replays
Popular Replays
Top Player Replays
Match Explorer
How It Works
Community
CoH3 Stats
Reddit
Sign in to upload your games and track your stats! →
Sign in with Steam
Match 41530541
Unlisted
Match 41530541
Overview
Messages
Build Orders
End
Selects Airborne Battlegroup
Selects Pathfinders
Pathfinder Squad
Construct Weapon Support Center
M1919 Machine Gun Team
Bazooka Squad
M1919 Machine Gun Team
Construct Medical Station
Infantry Support Center
Selects Paratrooper Squad Paradrop
Paratrooper Squad Paradrop
Paratrooper Squad Paradrop
Selects Anti-tank Gun Team Paradrop
Selects Smoke Bombing Run
Selects Supply Drop
Advanced Logistics
M3 Armored Personnel Carrier
Improved M9 Bazooka Rockets
Anti-tank Gun Team Paradrop
M1919 Machine Gun Team
Engineer Squad
Selects Carpet Bombing Run
TotalRudeboy
MadMax
0
0
Comments
sign in to comment!
No comments posted yet!